PCL
DISTRICT 9 PRAWNS @ ALBUQUERQUE ISOTOPES
05/27/2024
 
TOP OF THE 1ST
District 9 Prawns batting - Pitching for Albuquerque Isotopes : RHP Zózimo Pascoal
Pitching: RHP Zózimo Pascoal
Batting: SHB Tommy Bourassa 0-0: TRIPLE (Line Drive, 89D)
Batting: SHB Mark Pope 0-0: Ball
1-0: Called Strike
1-1: Called Strike
1-2: Foul Ball, location: 2F
1-2: Foul Ball, location: 2F
1-2: Foul Ball, location: 2F
1-2: Ball
2-2: Fly out, F7 (Flyball, 7M)
Runner from 3rd tags up, SCORES, no throw
Batting: LHB Leland Hardy 0-0: Ball
1-0: Foul Ball, location: 2F
1-1: SINGLE (Line Drive, 4D)
Batting: LHB Ryan Hensley 0-0: Called Strike
0-1: Ball
1-1: Foul Ball, location: 2F
1-2: Ball
2-2: SINGLE (Flyball, 89S)
Leland Hardy to second
Runner from 2nd tries for 3rd, SAFE, throw made to third
Batting: RHB Mal Snyder 0-0: Ball
1-0: Called Strike
1-1: Foul Ball, location: 2F
1-2: Ball
2-2: Ground out 4-3 (Groundball, 4M)
Leland Hardy scores
Ryan Hensley to second
Batting: RHB Lúcio García 0-0: Foul Ball, location: 2F
0-1: Foul Ball, location: 2F
0-2: Fly out, F3 (Popup, 3DF)
Top of the 1st over - 2 run(s), 3 hit(s), 0 error(s), 1 left on base; District 9 2 - Albuquerque 0
BOTTOM OF THE 1ST
Albuquerque Isotopes batting - Pitching for District 9 Prawns : LHP Pedro Valdés
Pitching: LHP Pedro Valdés
Batting: LHB Donald Camp 0-0: Fly out, F8 (Flyball, 8RM)
Batting: RHB Doug Stephens 0-0: Called Strike
0-1: SINGLE (Flyball, 8RS)
Batting: RHB Edward Young 0-0: Grounds into double play, 6-4-3 (Groundball, 6)
Bottom of the 1st over - 0 run(s), 1 hit(s), 0 error(s), 0 left on base; District 9 2 - Albuquerque 0
TOP OF THE 2ND
District 9 Prawns batting - Pitching for Albuquerque Isotopes : RHP Zózimo Pascoal
Batting: LHB Brian Roy 0-0: Foul Ball, location: 2F
0-1: Ball
1-1: Called Strike
1-2: Foul Ball, location: 2F
1-2: Strikes out swinging
Batting: LHB Ralph Schultz 0-0: Called Strike
0-1: Ball
1-1: Foul Ball, location: 2F
1-2: Ball
2-2: Foul Ball, location: 2F
2-2: Ball
3-2: Strikes out swinging
Batting: RHB Phil Jacobs 0-0: Ball
1-0: Foul Ball, location: 2F
1-1: Ball
2-1: Ground out 4-3 (Groundball, 4)
Top of the 2nd over - 0 run(s), 0 hit(s), 0 error(s), 0 left on base; District 9 2 - Albuquerque 0
BOTTOM OF THE 2ND
Albuquerque Isotopes batting - Pitching for District 9 Prawns : LHP Pedro Valdés
Batting: RHB Wilson Gonzáles 0-0: Ball
1-0: Called Strike
1-1: Ball
2-1: Ball
3-1: Base on Balls
Batting: LHB Mark Vestal 0-0: Called Strike
0-1: Foul Ball, location: 2F
0-2: Ball
1-2: Strikes out swinging
Batting: RHB Len Burke 0-0: Ball
1-0: Called Strike
1-1: Fly out, F7 (Flyball, 7D)
Batting: LHB Domingo Cardona 0-0: Ball
1-0: Ball
2-0: Ball
3-0: Called Strike
3-1: Swinging Strike
3-2: Base on Balls
Wilson Gonzáles to second
Batting: SHB Tony McLaughlin 0-0: Foul Ball, location: 2F
0-1: Ball
1-1: Called Strike
1-2: Fly out, F7 (Flyball, 7D)
Bottom of the 2nd over - 0 run(s), 0 hit(s), 0 error(s), 2 left on base; District 9 2 - Albuquerque 0
TOP OF THE 3RD
District 9 Prawns batting - Pitching for Albuquerque Isotopes : RHP Zózimo Pascoal
Batting: SHB Tommy Bourassa 0-0: Called Strike
0-1: Ball
1-1: Ball
2-1: Foul Ball, location: 2F
2-2: Ball
3-2: SOLO HOME RUN (Line Drive, 9D), Distance : 366 ft
Batting: SHB Mark Pope 0-0: Called Strike
0-1: Foul Ball, location: 2F
0-2: Foul Ball, location: 2F
0-2: Ball
1-2: Foul Ball, location: 2F
1-2: Ball
2-2: Fly out, F8 (Flyball, 8LM)
Batting: LHB Leland Hardy 0-0: Ball
1-0: SINGLE (Groundball, 56D) (infield hit)
Batting: LHB Ryan Hensley 0-0: Ball
1-0: Swinging Strike
1-1: Ball
2-1: Swinging Strike
2-2: Strikes out swinging
Batting: RHB Mal Snyder 0-0: Ball
Leland Hardy is caught stealing 2nd base
Top of the 3rd over - 1 run(s), 2 hit(s), 0 error(s), 0 left on base; District 9 3 - Albuquerque 0
BOTTOM OF THE 3RD
Albuquerque Isotopes batting - Pitching for District 9 Prawns : LHP Pedro Valdés
Batting: RHB Roberto Pérez 0-0: Called Strike
0-1: Ball
1-1: Ball
2-1: Swinging Strike
2-2: Strikes out swinging
Batting: LHB Donald Camp 0-0: Called Strike
0-1: Swinging Strike
0-2: Ball
1-2: Ball
2-2: Ball
3-2: Ground out 6-3 (Groundball, 6)
Batting: RHB Doug Stephens 0-0: Called Strike
0-1: Fly out, F7 (Popup, 78S)
Bottom of the 3rd over - 0 run(s), 0 hit(s), 0 error(s), 0 left on base; District 9 3 - Albuquerque 0
TOP OF THE 4TH
District 9 Prawns batting - Pitching for Albuquerque Isotopes : RHP Zózimo Pascoal
Batting: RHB Mal Snyder 0-0: Ball
1-0: Ball
2-0: Ball
3-0: Called Strike
3-1: Base on Balls
Batting: RHB Lúcio García 0-0: Called Strike
0-1: Foul Ball, location: 2F
0-2: Ball
1-2: Ball
2-2: 2-RUN HOME RUN (Line Drive, 78XD), Distance : 390 ft
Batting: LHB Brian Roy 0-0: Ball
1-0: Ball
2-0: Ground out 4-3 (Groundball, 4)
Batting: LHB Ralph Schultz 0-0: Ball
1-0: Ball
2-0: Called Strike
2-1: Foul Ball, location: 2F
2-2: Reached on error, E3 (Groundball, 3)
Batting: RHB Phil Jacobs 0-0: Foul Ball, location: 2F
0-1: Foul Ball, location: 2F
0-2: SINGLE (Groundball, 56)
Ralph Schultz to second
Batting: SHB Tommy Bourassa 0-0: Swinging Strike
0-1: Ball
1-1: Swinging Strike
1-2: Strikes out swinging
Batting: SHB Mark Pope 0-0: Ball
1-0: Ball
2-0: Called Strike
2-1: Fielders Choice at 2nd, U4 (Groundball, 4M)
Top of the 4th over - 2 run(s), 2 hit(s), 1 error(s), 2 left on base; District 9 5 - Albuquerque 0
BOTTOM OF THE 4TH
Albuquerque Isotopes batting - Pitching for District 9 Prawns : LHP Pedro Valdés
Batting: RHB Edward Young 0-0: Foul Ball, location: 2F
0-1: Called Strike
0-2: Ball
1-2: Strikes out swinging
Batting: RHB Wilson Gonzáles 0-0: Ball
1-0: Called Strike
1-1: Ball
2-1: Swinging Strike
2-2: SINGLE (Groundball, 6D)
Batting: LHB Mark Vestal 0-0: Fielders Choice at 2nd, 1-6 (Groundball, 15S)
Batting: RHB Len Burke 0-0: Ball
1-0: Ball
2-0: Ball
3-0: Called Strike
3-1: Swinging Strike
3-2: SINGLE (Groundball, 34D)
Mark Vestal to second
Mark Vestal to third
Batting: LHB Domingo Cardona 0-0: Called Strike
0-1: Called Strike
0-2: SINGLE (Popup, 4MD)
Mark Vestal scores
Len Burke to second
Runner from 2nd tries for 3rd, SAFE, throw made to third
Batting: SHB Tony McLaughlin 0-0: Called Strike
0-1: Swinging Strike
0-2: Ball
1-2: Ball
2-2: Ground out 6-3 (Groundball, 6)
Bottom of the 4th over - 1 run(s), 3 hit(s), 0 error(s), 2 left on base; District 9 5 - Albuquerque 1
TOP OF THE 5TH
District 9 Prawns batting - Pitching for Albuquerque Isotopes : RHP Zózimo Pascoal
Pitching: RHP Biagio Muscetta
Batting: LHB Leland Hardy 0-0: Foul Ball, location: 2F
0-1: Ball
1-1: Ball
2-1: Ball
3-1: Called Strike
3-2: Base on Balls
Batting: LHB Ryan Hensley 0-0: Foul Ball, location: 2F
0-1: Grounds into double play, 4-6-3 (Groundball, 4)
Batting: RHB Mal Snyder 0-0: Ball
1-0: Foul Ball, location: 2F
1-1: Foul Ball, location: 2F
1-2: Ball
2-2: Ball
3-2: Base on Balls
Batting: RHB Lúcio García 0-0: Ball
1-0: Ball
2-0: Ball
3-0: Foul Ball, location: 2F
3-1: Fielders Choice at 2nd, 6-4 (Groundball, 6)
Top of the 5th over - 0 run(s), 0 hit(s), 0 error(s), 0 left on base; District 9 5 - Albuquerque 1
BOTTOM OF THE 5TH
Albuquerque Isotopes batting - Pitching for District 9 Prawns : LHP Pedro Valdés
Batting: RHB Roberto Pérez 0-0: Ball
1-0: Foul Ball, location: 2F
1-1: Foul Ball, location: 2F
1-2: DOUBLE (Line Drive, 78M)
Batting: LHB Donald Camp 0-0: Swinging Strike
0-1: Foul Ball, location: 2F
0-2: Strikes out swinging
Batting: RHB Doug Stephens 0-0: Called Strike
0-1: Ball
1-1: Called Strike
1-2: SINGLE (Groundball, 6MD)
Roberto Pérez to third
Runner from 3rd tries for Home, SAFE, no throw or cutoff
Batting: RHB Edward Young 0-0: Ball
1-0: Ball
2-0: Ball
3-0: Foul Ball, location: 2F
3-1: Foul Ball, location: 2F
3-2: Base on Balls
Doug Stephens to second
Batting: RHB Wilson Gonzáles 0-0: Ball
1-0: Ball
2-0: Called Strike
2-1: Ground out 5-3 (Groundball, 5S)
Doug Stephens to third
Edward Young to second
Batting: LHB Mark Vestal 0-0: Fly out, F8 (Flyball, 8LM)
Bottom of the 5th over - 1 run(s), 2 hit(s), 0 error(s), 2 left on base; District 9 5 - Albuquerque 2
TOP OF THE 6TH
District 9 Prawns batting - Pitching for Albuquerque Isotopes : RHP Biagio Muscetta
Batting: LHB Brian Roy 0-0: Ball
1-0: Foul Ball, location: 2F
1-1: Ball
2-1: Ball
3-1: Called Strike
3-2: Fly out, F5 (Popup, 5DF)
Batting: LHB Ralph Schultz 0-0: Called Strike
0-1: Swinging Strike
0-2: Ball
1-2: Ball
2-2: Foul Ball, location: 2F
2-2: Ball
3-2: Strikes out swinging
Batting: RHB Phil Jacobs 0-0: Ball
1-0: Ball
2-0: Ground out 1-3 (Groundball, 13S)
Top of the 6th over - 0 run(s), 0 hit(s), 0 error(s), 0 left on base; District 9 5 - Albuquerque 2
BOTTOM OF THE 6TH
Albuquerque Isotopes batting - Pitching for District 9 Prawns : LHP Pedro Valdés
Batting: RHB Len Burke 0-0: Called Strike
0-1: TRIPLE (Line Drive, 8RD)
Batting: LHB Domingo Cardona 0-0: SINGLE (Groundball, 4MD)
Len Burke scores
Batting: SHB Tony McLaughlin 0-0: Ball
1-0: Foul Ball, location: 2F
1-1: Swinging Strike
1-2: Ground out 5-3 (Groundball, 56S)
Domingo Cardona to second
Batting: RHB Roberto Pérez 0-0: Called Strike
0-1: Called Strike
0-2: Ball
1-2: Ball
2-2: Ball
3-2: Foul Ball, location: 2F
3-2: Foul Ball, location: 2F
3-2: Strikes out looking
Pitching: RHP Doug Adams
Batting: LHB Donald Camp 0-0: Called Strike
0-1: Called Strike
0-2: Reached on Error, E9 (Flyball, 89M)
Domingo Cardona scores
Batting: RHB Doug Stephens 0-0: Ball
1-0: SINGLE (Groundball, 56)
Donald Camp to third
Runner from 3rd tries for Home, SAFE, no throw or cutoff
Batting: RHB Edward Young 0-0: Foul Ball, location: 2F
0-1: Swinging Strike
0-2: Fly out, F4 (Popup, 4)
Bottom of the 6th over - 3 run(s), 3 hit(s), 1 error(s), 1 left on base; District 9 5 - Albuquerque 5
TOP OF THE 7TH
District 9 Prawns batting - Pitching for Albuquerque Isotopes : RHP Biagio Muscetta
Pitching: RHP Arthur Smith
Batting: SHB Tommy Bourassa 0-0: Ball
1-0: Called Strike
1-1: Swinging Strike
1-2: Hit by Pitch
Pinch Runner at 1st Tony Guzmán:
Batting: SHB Mark Pope 0-0: Ball
1-0: Bunted foul
1-1: Bunted foul
1-2: SINGLE (Groundball, 56)
Tony Guzmán to second
Batting: LHB Leland Hardy 0-0: Ball
1-0: Called Strike
1-1: Foul Ball, location: 2F
1-2: Ball
2-2: Strikes out swinging
Batting: LHB Ryan Hensley 0-0: Called Strike
0-1: SINGLE (Groundball, 34D)
Tony Guzmán to third
Mark Pope to second
Batting: RHB Mal Snyder 0-0: Ball
1-0: SINGLE (Groundball, 4MD)
Tony Guzmán scores
Mark Pope to third
Ryan Hensley to second
Pinch Hitting: LHB Enrique Nalasco 0-0: Foul Ball, location: 2F
0-1: Ball
1-1: Ball
2-1: Ball
3-1: Base on Balls
Mark Pope scores
Ryan Hensley to third
Mal Snyder to second
Batting: LHB Brian Roy 0-0: Foul Ball, location: 2F
0-1: Ball
1-1: Grounds into double play, 4-6-3 (Groundball, 4)
Top of the 7th over - 2 run(s), 3 hit(s), 0 error(s), 2 left on base; District 9 7 - Albuquerque 5
BOTTOM OF THE 7TH
Albuquerque Isotopes batting - Pitching for District 9 Prawns : RHP Doug Adams
Now at 3B: Tony Guzmán
Now in RF: Enrique Nalasco
Batting: RHB Wilson Gonzáles 0-0: Ground out 6-3 (Groundball, 6)
Batting: LHB Mark Vestal 0-0: Foul Ball, location: 2F
0-1: Ball
1-1: Ball
2-1: Called Strike
2-2: Strikes out swinging
Batting: RHB Len Burke 0-0: Called Strike
0-1: Foul Ball, location: 2F
0-2: Foul Ball, location: 2F
0-2: Fly out, F9 (Flyball, 9D)
Bottom of the 7th over - 0 run(s), 0 hit(s), 0 error(s), 0 left on base; District 9 7 - Albuquerque 5
TOP OF THE 8TH
District 9 Prawns batting - Pitching for Albuquerque Isotopes : RHP Arthur Smith
Batting: LHB Ralph Schultz 0-0: Ball
1-0: Foul Ball, location: 2F
1-1: Ball
2-1: SINGLE (Line Drive, 4MD)
Batting: RHB Phil Jacobs 0-0: Sac Bunt - play at second, runner OUT! 1-6
Batting: RHB Tony Guzmán 0-0: Swinging Strike
0-1: Ground out 5-3 (Groundball, 56S)
Phil Jacobs to second
Batting: SHB Mark Pope 0-0: Ball
1-0: SINGLE (Line Drive, 89S)
Phil Jacobs to third
Runner from 3rd tries for Home, SAFE, throw made home
Pitching: LHP Austin Wall
Batting: LHB Leland Hardy 0-0: Ball
1-0: Called Strike
1-1: Ball
2-1: Foul Ball, location: 2F
2-2: Strikes out swinging
Top of the 8th over - 1 run(s), 2 hit(s), 0 error(s), 1 left on base; District 9 8 - Albuquerque 5
BOTTOM OF THE 8TH
Albuquerque Isotopes batting - Pitching for District 9 Prawns : RHP Doug Adams
Batting: LHB Domingo Cardona 0-0: Ball
1-0: Ball
2-0: Ball
3-0: Base on Balls
Pitching: RHP César Rúbio
Batting: SHB Tony McLaughlin 0-0: Ball
1-0: Ball
2-0: Ball
3-0: Base on Balls
Domingo Cardona to second
Batting: RHB Roberto Pérez 0-0: Called Strike
0-1: Called Strike
0-2: Ball
1-2: Foul Ball, location: 2F
1-2: Strikes out swinging
Batting: LHB Donald Camp 0-0: Called Strike
0-1: Ball
1-1: Fly out, F7 (Flyball, 78M)
Batting: RHB Doug Stephens 0-0: Ball
1-0: Ball
Wild Pitch!
Domingo Cardona to third
Tony McLaughlin to second
2-0: Swinging Strike
2-1: Ball
3-1: SINGLE (Groundball, 56)
Domingo Cardona scores
Tony McLaughlin to third
Runner from 3rd tries for Home, SAFE, no throw or cutoff
Pinch Hitting: LHB Juan Carlos Sánchez 0-0: Ball
1-0: Called Strike
1-1: Ball
2-1: Called Strike
2-2: Foul Ball, location: 2F
2-2: Ball
3-2: Base on Balls
Doug Stephens to second
Pinch Hitting: RHB Juan Alberto 0-0: Ball
1-0: Swinging Strike
1-1: Foul Ball, location: 2F
1-2: DOUBLE (Flyball, 8RD)
Doug Stephens scores
Juan Carlos Sánchez to third
Runner from 3rd tries for Home, SAFE, throw made home
Pitching: RHP Julián Romero
Batting: LHB Mark Vestal 0-0: Ball
1-0: Called Strike
1-1: Ball
2-1: Swinging Strike
2-2: Ball
3-2: Strikes out swinging
Bottom of the 8th over - 4 run(s), 2 hit(s), 0 error(s), 1 left on base; District 9 8 - Albuquerque 9
TOP OF THE 9TH
District 9 Prawns batting - Pitching for Albuquerque Isotopes : LHP Austin Wall
Pitching: LHP Dave Rice
Now at C: António De Los Ángeles
Now at 2B: Jorge Ramírez
Now in LF: Raúl Torres
Batting: LHB Ryan Hensley 0-0: Ball
1-0: Foul Ball, location: 2F
1-1: Ball
2-1: Ball
3-1: Foul Ball, location: 2F
3-2: SINGLE (Line Drive, 89S)
Batting: RHB Mal Snyder 0-0: Foul Ball, location: 2F
0-1: Called Strike
0-2: Foul Ball, location: 2F
0-2: Strikes out swinging
Batting: LHB Enrique Nalasco 0-0: Ball
1-0: Grounds into double play, 4-6-3 (Groundball, 4)
Top of the 9th over - 0 run(s), 1 hit(s), 0 error(s), 0 left on base; District 9 8 - Albuquerque 9
This league is powered by Out of the Park Baseball, the baseball management simulation game for PC, Mac and Linux
Saturday, April 9th, 2016 - OOTP Baseball 16.8 Build 38